 Seeded DCSS version 0.30.1-5-ged363bc7ee (webtiles) character file.

Game seed: 15660985446129201502 (custom seed)

86 AccursedSamuel the Chopper (level 4, -1/28 HPs)
             Began as a Tengu Monk on Sept 19, 2023.
             Slain by Crazy Yiuf
             ... wielding a +3 quarterstaff of chaos
              (10 damage)
             ... on level 2 of the Dungeon.
             The game lasted 00:03:03 (1709 turns).

AccursedSamuel the Chopper (Tengu Monk)             Turns: 1709, Time: 00:03:04

Health: -1/28      AC:  2    Str: 14    XL:     4   Next: 50%
Magic:  1/1        EV: 13    Int: 10    God:
Gold:   210        SH:  0    Dex: 16    Spells: 3/3 levels left

rFire   + . .        e - +4 battleaxe (antimagic)
rCold   + . .        (shield currently unavailable)
rNeg    . . .        b - +0 robe
rPois   +            (helmet restricted)
rElec   +            (no cloak)
rCorr   +            (no gloves)
SInv    .            (boots unavailable)
Will    .....        (no amulet)
Stlth   ++           (no ring)
HPRegen 0.24/turn    (no ring)
MPRegen 0.07/turn

%: no passive effects
@: resistant
A: beak, talons 3
a: no special abilities


You were on level 2 of the Dungeon.
You visited 1 branch of the dungeon, and saw 2 of its levels.

You collected 210 gold pieces.

Inventory:

Hand Weapons
 a - a +0 hand axe
 e - a +4 antimagic battleaxe (weapon)
Armour
 b - a +0 robe (worn)
 d - an orb of light
Jewellery
 q - a +4 ring of protection
Scrolls
 f - 2 scrolls of teleportation {unknown}
 h - a scroll of enchant armour {unknown}
 i - a scroll of noise {unknown}
 k - a scroll of immolation {unknown}
 o - a scroll of identify {unknown}
Potions
 c - a potion of ambrosia
 g - a potion of curing {unknown}
 j - a potion of degeneration {unknown}
 l - a potion of attraction {unknown}
 m - 2 potions of magic {unknown}
 n - a potion of heal wounds {unknown}
 p - a potion of flight {unknown}


   Skills:
 + Level 3.5 Fighting
 + Level 4.5 Axes
 + Level 4.0 Dodging
 + Level 0.7 Stealth


You had 3 spell levels left.
You didn't know any spells.
Your spell library contained the following spells:

 Spells                   Type           Power      Damage    Failure   Level
 Cigotuvi's Dreadful Rot  Necr/Pois/Air  0%         N/A       50%         2
 Dispel Undead            Necr           0%         3d6       98%         4
 Death Channel            Necr           0%         N/A       100%        6


Dungeon Overview and Level Annotations

Branches:
Dungeon (2/15)

Altars:

Annotations:
D:2 Crazy Yiuf


Innate Abilities, Weirdness & Mutations

You have a beak for a mouth.
You have claws for feet.


Message History

The frilled lizard is heavily wounded.
The frilled lizard bites you. x2
You slash the frilled lizard!
You kill the frilled lizard!
You see here a frilled lizard corpse.
You now have 210 gold pieces (gained 6).
An endoplasm comes into view.
An endoplasm is nearby!
An endoplasm is nearby!
The endoplasm quivers.
You slice the endoplasm!!
You kill the endoplasm!
A goblin comes into view. It is wielding a +0 dagger.
Found a spear.
The goblin shouts!
You slash the goblin!
You kill the goblin!
Things that are here:
a +0 dagger; a goblin corpse Key pressed, stopping explore.
q - a +4 ring of protection As you open the door, it creaks loudly!
There is an open door here.
There is an open door here.
There is a stone staircase leading up here.
Crazy Yiuf shouts!
Could not explore, unopened runed door.
You open the door. You hit Crazy Yiuf. You claw Crazy Yiuf, but do no damage.
Crazy Yiuf is lightly wounded.
Crazy Yiuf hits you with a +3 quarterstaff of chaos.
Crazy Yiuf burns you.
Crazy Yiuf hits you with a +3 quarterstaff of chaos!
Ouch! That really hurt!
* * * LOW HITPOINT WARNING * * *
You feel protected.
You hit Crazy Yiuf. You peck Crazy Yiuf.
Crazy Yiuf is moderately wounded.
Crazy Yiuf hits you with a +3 quarterstaff of chaos!
You die...

........##.............##
................######..#
......)########## ##.#
..#.##[# #.# .>..##.#
#.## ######.# ### ####..#
### #)..### ##.....#
#...'.####......#
#...##g@#......## ###
###.#....## ########


You could see Crazy Yiuf.

Vanquished Creatures
  Jessica (D:2)
  An adder (D:2)
  A dart slug (D:2)
  5 endoplasms
  2 giant cockroaches (D:2)
  5 goblins
  4 hobgoblins
  5 kobolds
  5 quokkas
  3 ball pythons
  2 bats (D:1)
  7 frilled lizards
  6 rats
  A spectral kobold (D:2)
48 creatures vanquished.

Notes
Turn   | Place    | Note
-------+----------+-------------------------------------------
     0 | D:1      | AccursedSamuel the Tengu Monk began the quest for the Orb.
     0 | D:1      | Reached XP level 1. HP: 14/14 MP: 2/2
    85 | D:1      | Reached XP level 2. HP: 19/19 MP: 3/3
    90 | D:1      | Identified a scroll of acquirement
    90 | D:1      | Acquired a +4 antimagic battleaxe
   625 | D:1      | Reached XP level 3. HP: 22/23 MP: 1/4
  1078 | D:2      | Found a faded altar of an unknown god.
  1184 | D:2      | Found a runed translucent door.
  1185 | D:2      | Noticed Crazy Yiuf
  1288 | D:2      | Noticed Jessica
  1294 | D:2      | Killed Jessica
  1295 | D:2      | Reached XP level 4. HP: 18/28 MP: 1/5
  1709 | D:2      | Slain by Crazy Yiuf

Illustrated notes

Levels and vault maps discovered:
D:1:      minmay_arrival_pointy, layout_loops_ring, minmay_gold_behind_fungi
D:2:      layout_basic, dreamdust_ecumenical_altar_drowned_temple,
          hangedman_decor_clover_reticule, fountainhead,
          uniq_crazy_yiuf_cottage, uniq_jessica

Skill      XL: |  1  2  3 |
---------------+----------+-----
Axes           | 4 |  4.5
Dodging        | 4 |  4.0
Fighting       | |  3.5
Stealth        | |  0.7

Action                     |  1- 3 |  4- 6 || total
---------------------------+-------+-------++-------
  Melee: Hand axe          |    10 |       ||    10
         Kick              |    10 |     7 ||    17
         Battleaxe         |    57 |    24 ||    81
         Peck              |     3 |     2 ||     5
    Use: Scroll            |     1 |       ||     1
 Armour: Robe              |    16 |     2 ||    18
  Dodge: Dodged            |    64 |    17 ||    81
